 Dungeon Crawl Stone Soup version 0.26.0-16-gc1dbca0489 (webtiles) character file.

Game seed: 14968804068066789542

5870 EnegeticOcto the Cleaver (level 10, -1/88 (91) HPs)
             Began as a Deep Dwarf Fighter on Jan 18, 2021.
             Was a Priest of Makhleb.
             Slain by a two-headed ogre
             ... wielding a +0 giant spiked club
              (10 damage)
             ... while paralysed by an orc sorcerer
             ... on level 1 of the Orcish Mines.
             The game lasted 00:18:11 (2157 turns).

EnegeticOcto the Cleaver (Deep Dwarf Fighter)       Turns: 2157, Time: 00:18:12

HP:   -1/88 (91)    AC: 15    Str: 23    XL:     10   Next: 52%
MP:   17/17 (8)     EV:  2    Int:  9    God:    Makhleb [***...]
Gold: 162           SH:  0    Dex: 12    Spells: 15/15 levels left

rFire    . . .     SeeInvis .   E - +3 broad axe (vorpal)
rCold    . . .     Faith    +   c - +0 kite shield
rNeg     . . .     Spirit   .   x - +0 plate armour
rPois    .         Reflect  .   n - +2 helmet
rElec    .         Harm     .   (no cloak)
rCorr    .         Rampage  .   (no gloves)
Will     +....     Rnd*Tele +   B - +0 pair of boots
Stlth    ..........             f - amulet of faith
HPRegen  0.00/turn              y - ring of magical power
MPRegen  0.15/turn              i - ring of teleportation (curse)

@: paralysed, non-regenerating, lightly drained
A: damage resistance, heal wounds, sense surroundings 2, no regeneration
a: Heal Wounds, Renounce Religion, Minor Destruction, Lesser Servant of Makhleb


You were on level 1 of the Orcish Mines.
You worshipped Makhleb.
Makhleb was most pleased with you.
You visited 3 branches of the dungeon, and saw 14 of its levels.

You collected 267 gold pieces.
You spent 105 gold pieces at shops.

Inventory:

Hand Weapons
 a - a +1 war axe
 v - a +4 war axe
   (You took it off a wight on level 6 of the Dungeon)
 z - a +0 whip of electrocution
   (You took it off an orc on level 8 of the Dungeon)
 E - a +3 vorpal broad axe (weapon)
   (You took it off Urug on level 11 of the Dungeon)
 G - the +6 flail "Ene Vitu" {venom, Will+ MP+9 Str+3 Int-4}
   (You took it off an orc on level 11 of the Dungeon)

   It poisons the flesh of those it strikes.
   It affects your strength (+3).
   It affects your intelligence (-4).
   It affects your willpower, your defense against some magical effects.
   It affects your magic capacity (+9).
Missiles
 p - 2 throwing nets {!f}
Armour
 b - a +0 scale mail
 c - a +0 kite shield (worn)
 k - a +0 chain mail
   (You found it on level 3 of the Dungeon)
 n - a +2 helmet (worn)
   (You took it off Robin on level 3 of the Dungeon)
 x - a +0 plate armour (worn)
   (You took it off an orc warrior on level 6 of the Dungeon)
 B - a +0 pair of boots (worn)
   (You found it on level 8 of the Dungeon)
Jewellery
 f - an amulet of faith (around neck)
   (You found it on level 1 of the Dungeon)
 i - a cursed ring of teleportation (right hand)
   (You found it on level 5 of the Dungeon)
 m - an uncursed ring of positive energy
   (You found it on level 3 of the Dungeon)
 y - a ring of magical power (left hand)
   (You found it on level 7 of the Dungeon)
Wands
 h - a wand of acid (5) {@v1}
   (You found it on level 5 of the Dungeon)
 l - a wand of random effects (11)
   (You found it on level 5 of the Dungeon)
 s - a wand of polymorph (4)
   (You took it off Duvessa on level 5 of the Dungeon)
 t - a wand of flame (21) {@v4}
   (You found it on level 5 of the Dungeon)
 F - a wand of iceblast (10) {@v2}
   (You took it off Urug on level 11 of the Dungeon)
Scrolls
 q - a scroll of blinking {@r4}
 u - a scroll of teleportation {@r3 !r}
 A - a scroll of identify {@r1}
 D - 3 scrolls of vulnerability
Potions
 d - 2 potions of might {@q3 !q}
 e - a potion of resistance
 g - a potion of degeneration
 j - 3 potions of curing {@q1 !q}
 o - a potion of haste {@q4 !q}
 r - a potion of berserk rage
 w - a potion of flight
 C - a potion of heal wounds {@q2 !q}


   Skills:
 + Level 6.1 Fighting
 * Level 13.6 Axes
 - Level 3.2 Armour
 - Level 3.2 Shields
 - Level 3.0 Spellcasting
 + Level 6.4 Invocations
 - Level 4.0 Evocations


You had 15 spell levels left.
You didn't know any spells.
Your spell library was empty.

Dungeon Overview and Level Annotations

Branches:
Dungeon (12/15)            Temple (1/1) D:7             Orc (1/2) D:11
   Lair: D:8-11

Altars:
Ashenzari
Elyvilon
Makhleb
Nemelex Xobeh
Okawaru
Sif Muna
Trog
Uskayaw
Wu Jian

Shops:
D:5 ?   D:10 =   Orc:1 ?

Annotations:
D:4 1 runed translucent door, Tagedieb's ghost, amateur OpEn


Innate Abilities, Weirdness & Mutations

You are resistant to damage.
You can heal yourself by infusing magical energy.
You passively map the area around you.
You do not regenerate.


Message History

You hit the ogre zombie.
The ogre zombie hits you but does no damage.
You slice the ogre zombie!!
You destroy the ogre zombie!
Makhleb accepts your kill.
You slash the ogre zombie! You block the ogre zombie's attack.
You slash the ogre zombie!
The ogre zombie is severely damaged.
You slash the orc zombie!
You destroy the orc zombie!
Makhleb accepts your kill. You block the ogre zombie's attack.
You hit the ogre zombie.
The ogre zombie is almost destroyed.
The ogre zombie barely misses you.
The phantom blinks!
You completely miss the ogre zombie.
The ogre zombie is almost destroyed.
You block the ogre zombie's attack.
You slice the ogre zombie!!
You destroy the ogre zombie!
Makhleb accepts your kill.
You slash the phantom!
You destroy the phantom!
Makhleb accepts your kill.
There is a staircase to the Orcish Mines here.
You climb downwards.
Welcome to the Orcish Mines!
An orc sorcerer, an ogre and a two-headed ogre come into view.
The orc sorcerer is wielding a +1 dagger of protection.
The ogre shouts!
Found an escape hatch in the floor.
Found a stone staircase leading down.
There is a staircase back to the Dungeon here.
The orc sorcerer casts a spell at you. The bolt of fire hits you!!
Found Loepsaosh's Magic Scroll Emporium.
The orc sorcerer casts a spell at you. The bolt of negative energy hits you!!
You feel drained.
You slash the orc sorcerer!
The orc sorcerer is heavily wounded.
The orc sorcerer hits you but does no damage.
You hit the orc sorcerer.
The orc sorcerer is heavily wounded.
You slash the two-headed ogre!
An orc comes into view.
You block the orc sorcerer's attack.
The two-headed ogre hits you with a +0 giant spiked club!
The two-headed ogre hits you with a +0 dire flail.
You feel much better.
The orc shouts!
The orc sorcerer hits you but does no damage.
An orc priest comes into view. It is wielding a +0 short sword.
You block the two-headed ogre's attack.
The two-headed ogre hits you with a +0 dire flail.
You closely miss the orc sorcerer.
The orc sorcerer is heavily wounded.
You closely miss the two-headed ogre.
The orc priest shouts!
The orc sorcerer points at you and mumbles some strange words.
You easily resist.
An orc wizard comes into view. It is wielding a +0 dagger.
You closely miss the orc sorcerer.
The orc sorcerer is heavily wounded.
The orc wizard shouts!
You slash the ogre! You slash the two-headed ogre!
You hear a shout!
The two-headed ogre hits you with a +0 giant spiked club!
The two-headed ogre hits you but does no damage.
You block the ogre's attack. You block the orc sorcerer's attack.
An orc wizard comes into view. It is wielding a +0 dagger of venom.
You barely miss the orc sorcerer.
The orc sorcerer is heavily wounded.
You hit the ogre. You hit the two-headed ogre.
The two-headed ogre hits you with a +0 giant spiked club!
The two-headed ogre hits you with a +0 dire flail.
The orc sorcerer hits you but does no damage.
You block the ogre's attack.
You hit the two-headed ogre.
The two-headed ogre is severely wounded.
You slash the ogre! You closely miss the orc sorcerer.
The orc sorcerer points at you and mumbles some strange words.
You suddenly lose the ability to move!
The orc wizard casts a spell.
The orc wizard seems to speed up.
The two-headed ogre completely misses you.
The two-headed ogre hits you but does no damage.
The ogre hits you with a +0 giant club!
* * * LOW HITPOINT WARNING * * *
An orc wizard comes into view. It is wielding a +0 dagger.
The orc sorcerer casts a spell.
The two-headed ogre hits you with a +0 giant spiked club.
* * * LOW HITPOINT WARNING * * *
The two-headed ogre hits you with a +0 dire flail.
* * * LOW HITPOINT WARNING * * *
The orc wizard casts a spell.
The orc wizard seems to speed up.
The ogre hits you with a +0 giant club!
* * * LOW HITPOINT WARNING * * *
The orc sorcerer hits you but does no damage.
An orc comes into view. It is wielding a +0 club.
The two-headed ogre barely misses you.
The two-headed ogre hits you with a +0 dire flail!
You die...

, ,,, , , ,* * *
* ,...... , * *
,., , * .o...####
* * , ..,##
#oo......* **
...#.####o.....#*
.8.8..#...o...#*
,⌠.⌠.>...4.....#
.∩.8..o.O....#
⌠.⌠....@.<..#
8.8.8.>O....## *
.........###
.........# * *
#.###...## * *
#** ##### , ** ,


You could see a two-headed ogre, a rust devil (summoned), an orc sorcerer, an
ogre, an orc priest, 2 orc wizards and 2 orcs.

Vanquished Creatures
  A two-headed ogre (D:8)
  Urug (D:11)
  A gargoyle (D:11)
  Grinder (D:5)
  A yak (D:12)
  3 shadows (D:11)
  A wraith (D:11)
  Duvessa (D:5)
  5 orc warriors
  A sky beast (D:8)
  2 ogres
  2 phantoms
  2 centaurs
  3 big kobolds
  A bullfrog (D:6)
  A gnoll sergeant (D:11)
  Dowan (D:5)
  3 killer bees (D:9)
  8 wights
  A howler monkey (D:6)
  A bullfrog zombie (D:9)
  2 jellies
  6 orc priests
  2 hounds
  15 orc wizards
  3 iguanas
  3 worker ants
  5 ogre zombies (D:11)
  A hound zombie (D:9)
  Robin (D:3)
  5 gnolls (D:11)
  11 adders
  3 shadow imps
  A white imp (D:5)
  An ufetubus (D:9)
  An ooze (D:1)
  An adder skeleton (D:8)
  An adder zombie (D:5)
  2 worms
  2 dart slugs
  2 leopard geckos
  38 orcs
  A ball python (D:1)
  4 bats
  7 giant cockroaches
  14 goblins
  9 hobgoblins
  3 jackals (D:1)
  A quokka (D:4)
  5 frilled lizards
  A goblin zombie (D:11)
  2 hobgoblin zombies (D:11)
  A jackal zombie (D:5)
  8 kobolds
  2 leopard gecko skeletons
  An orc skeleton (D:11)
  8 orc zombies (D:11)
  A quokka skeleton (D:5)
  4 rats
219 creatures vanquished.

Vanquished Creatures (others)
  2 withered plants (D:4)
2 creatures vanquished.

Grand Total: 221 creatures vanquished

Notes
Turn   | Place    | Note
-------+----------+-------------------------------------------
     0 | D:1      | EnegeticOcto the Deep Dwarf Fighter began the quest for the
                  | Orb.
     0 | D:1      | Reached XP level 1. HP: 20/20 MP: 1/1
    66 | D:1      | Reached skill level 3 in Axes
    66 | D:1      | Reached XP level 2. HP: 24/27 MP: 2/2
   206 | D:2      | Found an ornate altar of the Wu Jian Council.
   225 | D:3      | Reached skill level 4 in Axes
   225 | D:3      | Reached XP level 3. HP: 22/33 MP: 3/3
   286 | D:3      | Reached skill level 5 in Axes
   286 | D:3      | Reached XP level 4. HP: 39/40 MP: 4/4
   297 | D:3      | Reached XP level 5. HP: 31/46 MP: 5/5
   306 | D:3      | Your magical essence is drained by the effort!
   310 | D:3      | Reached skill level 6 in Axes
   315 | D:3      | Your magical essence is drained by the effort!
   394 | D:3      | Noticed Robin
   406 | D:3      | Killed Robin
   469 | D:3      | Found an iron altar of Okawaru.
   578 | D:4      | Noticed an ogre
   596 | D:4      | Found a broken altar of Ashenzari.
   607 | D:4      | Killed an ogre
   608 | D:4      | Reached skill level 7 in Axes
   608 | D:4      | Reached XP level 6. HP: 43/55 MP: 4/4
   658 | D:4      | Found a runed translucent door.
   659 | D:4      | Noticed Tagedieb's ghost (amateur OpEn)
   772 | D:5      | Entered Level 5 of the Dungeon
   794 | D:4      | Reached skill level 3 in Fighting
   794 | D:4      | Reached skill level 8 in Axes
   794 | D:4      | Reached skill level 1 in Spellcasting
   794 | D:4      | Reached XP level 7. HP: 39/62 MP: 4/6
   938 | D:5      | Found Ahusch's Magic Scroll Emporium.
   941 | D:5      | Bought a scroll of blinking for 105 gold pieces
   970 | D:5      | Noticed Grinder
   971 | D:5      | Noticed Duvessa
   972 | D:5      | Paralysed by Grinder for 5 turns
   977 | D:5      | Noticed Dowan
   985 | D:5      | Reached skill level 2 in Spellcasting
   990 | D:5      | Killed Grinder
   991 | D:5      | Reached skill level 4 in Fighting
   992 | D:5      | Killed Duvessa
   993 | D:5      | Reached skill level 9 in Axes
   993 | D:5      | Reached skill level 3 in Spellcasting
   993 | D:5      | Reached XP level 8. HP: 72/72 MP: 8/10
   996 | D:5      | Killed Dowan
  1014 | D:5      | Noticed Sigmund
  1022 | D:5      | Noticed Sigmund
  1022 | D:5      | Sigmund changed into Sigmund the worm
  1025 | D:5      | Killed Sigmund the worm
  1141 | D:6      | Reached skill level 10 in Axes
  1261 | D:6      | Your magical essence is drained by the effort!
  1288 | D:6      | Found a shimmering blue altar of Sif Muna.
  1338 | D:7      | Reached skill level 11 in Axes
  1338 | D:7      | Your magical essence is drained by the effort!
  1371 | D:7      | Found a sparkling altar of Nemelex Xobeh.
  1456 | D:7      | Gained mutation: You passively map the area around you.
                  | [Deep Dwarf growth]
  1456 | D:7      | Reached XP level 9. HP: 58/78 MP: 9/9
  1458 | D:7      | Found a white marble altar of Elyvilon.
  1532 | D:7      | Found a staircase to the Ecumenical Temple.
  1538 | Temple   | Entered the Ecumenical Temple
  1554 | Temple   | Became a worshipper of Makhleb the Destroyer
  1673 | D:8      | Reached skill level 1 in Invocations
  1673 | D:8      | Reached skill level 1 in Evocations
  1675 | D:8      | Noticed a two-headed ogre
  1680 | D:8      | Reached * piety under Makhleb
  1686 | D:8      | Reached skill level 12 in Axes
  1686 | D:8      | Reached skill level 2 in Invocations
  1694 | D:8      | Your magical essence is drained by the effort!
  1695 | D:8      | Killed a two-headed ogre
  1696 | D:8      | Reached skill level 3 in Invocations
  1696 | D:8      | Reached skill level 3 in Evocations
  1767 | D:9      | Your magical essence is drained by the effort!
  1785 | D:10     | Entered Level 10 of the Dungeon
  1809 | D:10     | Found a hide-covered altar of Uskayaw.
  1876 | D:11     | Reached skill level 5 in Fighting
  1876 | D:11     | Reached skill level 4 in Invocations
  1879 | D:11     | Reached skill level 4 in Evocations
  1893 | D:11     | Reached ** piety under Makhleb
  1909 | D:10     | Found Gassour's Jewellery Emporium.
  1963 | D:12     | Reached XP level 10. HP: 33/88 MP: 8/8
  1992 | D:11     | Noticed a gargoyle
  2003 | D:11     | Killed a gargoyle
  2004 | D:11     | Reached skill level 13 in Axes
  2004 | D:11     | Reached skill level 5 in Invocations
  2016 | D:11     | Noticed Urug
  2038 | D:11     | Killed Urug
  2041 | D:11     | Identified the +6 flail "Ene Vitu" {venom, Will+ MP+9 Str+3
                  | Int-4}
  2055 | D:11     | Reached skill level 6 in Invocations
  2122 | D:11     | Reached skill level 6 in Fighting
  2126 | D:11     | Reached *** piety under Makhleb
  2128 | D:11     | Found a staircase to the Orcish Mines.
  2146 | Orc:1    | Entered Level 1 of the Orcish Mines
  2146 | Orc:1    | Noticed a two-headed ogre
  2146 | Orc:1    | Noticed an orc sorcerer
  2147 | Orc:1    | Found Loepsaosh's Magic Scroll Emporium.
  2155 | Orc:1    | Paralysed by an orc sorcerer for 6 turns
  2157 | Orc:1    | Noticed a rust devil
  2157 | Orc:1    | Slain by a two-headed ogre

Illustrated notes

Levels and vault maps discovered:
D:1:      elethiomel_arrival_maze, layout_basic
D:2:      layout_loops_cross, nzn_wu_jian_contemplation,
          gammafunk_temple_overflow_wave, tgw_kikubaaqudgha, uniq_natasha
D:3:      layout_rooms, general_overflow_altar, gup_sewer_entry_spiral,
          minmay_cut_off, uniq_robin, uniq_jessica
D:4:      layout_gridville, gammafunk_ghost_grave, kennysheep_minor_cross,
          evilmike_ruin_ashenzari
D:5:      layout_cave_pools, tso_oasis_becter, serial_shops,
          kennysheep_mini_moat, uniq_grinder, uniq_sigmund, uniq_duvessa
D:6:      kennysheep_orc_sif_temple, layout_cave_pools
D:7:      layout_cave_pools, lemuel_doored_altar,
          nemelex_xobeh_ov_fountains_minmay, minmay_temple_entry_fiery,
          minmay_misc_feat_x
D:8:      layout_cave_pools, lemuel_coloured_pillars_altar, uniq_psyche,
          uniq_erica
D:9:      layout_long_grid, kennysheep_boxes
D:10:     layout_roguey, erik_lair_orcish_takeover, basic_altar, serial_shops,
          nicolae_shop_window_shopping, shop_fountains, nicolae_shop_waterfront,
          nicolae_shop_stone
D:11:     layout_long_grid, zombieorc1_lemuel, minmay_three_doors, uniq_urug
D:12:     layout_loops_ring, kennysheep_dice, uniq_snorg
Temple:   jpeg_temple_clearing
Orc:1:    layout_diamond_mine, serial_shops,
          nicolae_shop_temple_entry_statues_fountains, uniq_josephine

Skill      XL: |  1  2  3  4  5  6  7  8  9 10 |
---------------+-------------------------------+-----
Axes           | 3 4 5 7 8 9 11 12 13 | 13.6
Fighting       | 3 4 5 6 |  6.1
Spellcasting   | 1 3 |  3.0
Invocations    | 4 6 |  6.4
Evocations     | 4 |  4.0
Armour         | |  3.2
Shields        | |  3.2

Action                   |  1- 3 |  4- 6 |  7- 9 | 10-12 || total
-------------------------+-------+-------+-------+-------++-------
Melee: War axe           |    75 |   139 |   235 |    27 ||   476
       Broad axe         |       |       |       |    47 ||    47
 Abil: Heal Wounds       |     3 |     3 |    14 |     9 ||    29
Evoke: Wand              |       |       |     3 |     2 ||     5
  Use: Scroll            |       |     8 |     8 |     1 ||    17
       Potion            |       |     1 |       |       ||     1
Armor: Scale mail        |    51 |       |       |       ||    51
       Chain mail        |    11 |    80 |    78 |       ||   169
       Skin              |       |       |     3 |       ||     3
       Plate armour      |       |       |    95 |    64 ||   159
Dodge: Dodged            |    40 |    34 |    48 |    14 ||   136
Block: Kite shield       |    67 |    77 |   135 |    66 ||   345
